 Dungeon Crawl Stone Soup version 0.21.1-1-g345015f (webtiles) character file.

282 inc the Sneak (level 6, 24/24 HPs)
             Began as a Felid Enchanter on Feb 22, 2018.
             Was a Follower of Vehumet.
             Quit the game on level 5 of the Dungeon.
             The game lasted 00:09:53 (4510 turns).

inc the Sneak (Felid Enchanter)                     Turns: 4510, Time: 00:09:54

Health: 24/24      AC:  2    Str:  4    XL:     6   Next: 6%
Magic:  11/11      EV: 18    Int: 18    God:    Vehumet [*.....]
Gold:   142        SH:  0    Dex: 17    Spells: 5/11 levels left
                                        Lives:  1   Deaths: 1

rFire    . . .     SeeInvis +     - Unarmed
rCold    . . .     Gourm    .   (shield unavailable)
rNeg     . . .     Faith    .   (armour unavailable)
rPois    .         Spirit   .   (helmet unavailable)
rElec    .         Reflect  .   (cloak unavailable)
rCorr    .         Harm     .   (gloves unavailable)
MR       .....                  (boots unavailable)
Stlth    ++++......             (no amulet)
HPRegen  0.08/turn              (no ring)
MPRegen  0.12/turn              (no ring)

@: quick
A: very small, no armour, no weapons or thrown items, stealth, claws 1, fangs 3,
see invisible, carnivore, speed 1, shaggy fur 2, slow metabolism 1, sharp paws
a: Renounce Religion


You were on level 5 of the Dungeon.
You worshipped Vehumet.
Vehumet was aware of your devotion.
You were not hungry.

You visited 1 branch of the dungeon, and saw 6 of its levels.

You collected 142 gold pieces.

Inventory:

Scrolls
 c - a scroll of amnesia {unknown}
 d - a scroll of enchant armour {unknown}
 f - 6 scrolls of identify {unknown}
 h - a scroll of teleportation {unknown}
 i - 6 scrolls of remove curse {unknown}
 m - 2 scrolls of fear {unknown}
 o - a scroll of fog {unknown}
Potions
 e - 2 potions of magic {unknown}
 g - a potion of mutation {unknown}
 j - 2 potions of curing {unknown}
 k - 2 potions of heal wounds {unknown}
 l - a potion of haste {unknown}
 n - 2 potions of degeneration {unknown}
Books
 a - a book of Maledictions

   Spells                             Type                      Level
   a - Corona                         Hexes                        1
   b - Ensorcelled Hibernation        Hexes/Ice                    2
   c - Confuse                        Hexes                        3
   d - Tukima's Dance                 Hexes                        3
   e - Dazzling Spray                 Conjuration/Hexes            3
Comestibles
 b - 7 rations


   Skills:
 + Level 0.3 Fighting
 - Level 2.6 Dodging
 - Level 7.1 Stealth
 + Level 3.4 Unarmed Combat
 - Level 3.0 Spellcasting
 - Level 6.2 Hexes
 - Level 2.5 Ice Magic


You had 5 spell levels left.
You knew the following spells:

 Your Spells              Type           Power        Failure   Level  Hunger
a - Corona                Hex            ####...      1%          1    None
b - Ensorcelled Hibernat  Hex/Ice        ###...       4%          2    ##.....
c - Confuse               Hex            ####....     3%          3    ###....


Dungeon Overview and Level Annotations

Branches:
Dungeon (6/15)
 Temple: D:4-7

Altars:
Cheibriados
Makhleb
Qazlal
Ru
Vehumet
Wu Jian
Zin
The Shining One

Annotations:
D:3 kalagan's ghost, weakling MfSu


Innate Abilities, Weirdness & Mutations

You cannot wear armour.
You are incapable of wielding weapons or throwing items.
Your paws allow you to move quietly. (Stealth)
You have sharp claws.
You have razor-sharp teeth.
You have supernaturally acute eyesight. (SInv)
You are carnivorous and can eat meat at any time.
You cover ground quickly.
You are covered in thick fur. (AC +2)
You have a slow metabolism.
Your sharp claws are effective at attacking unaware monsters.


Message History

Press: ? - help, Shift-Dir - straight line, f/p - centaur
Aim: a centaur (chance to defeat MR: 49%)
The centaur looks drowsy...
The orc closely misses you.
You pounce on the unaware helpless centaur!
You mangle the centaur!!
The centaur is almost dead.
The centaur hits you but does no damage.
The adder skeleton barely misses you. The centaur completely misses you.
The orc priest invokes the aid of Beogh against you.
Beogh smites you!
* * * LOW HITPOINT WARNING * * *
An orc comes into view. It is wielding a hand axe.
There is an open door here.
The centaur wields a shortbow.
The centaur shoots an arrow.
The arrow barely misses you.
The centaur shoots an arrow.
The arrow hits you!
You die...
You are now level 6!
You rejoin the land of the living...
Are you sure you want to abandon this character and quit the game? (Confirm with "yes".)

... .. .. #.
#.
####.#######
+..........##
#.@.......
#######.#.


There were no monsters in sight!

Vanquished Creatures
  An ice beast (D:6)
  A sky beast (D:5)
  A jelly (D:5)
  An orc priest (D:3)
  2 orc wizards
  4 worker ants
  A hound skeleton (D:5)
  7 adders
  A worm (D:2)
  2 dart slugs (D:1)
  A leopard gecko (D:3)
  9 orcs
  4 bats
  4 giant cockroaches
  6 goblins
  A hobgoblin (D:2)
  6 jackals
  4 kobolds
  2 quokkas
  2 ball pythons
  3 frilled lizards (D:1)
  4 rats
67 creatures vanquished.

Vanquished Creatures (others)
  A jackal (D:6)
1 creature vanquished.

Grand Total: 68 creatures vanquished

Notes
Turn   | Place    | Note
-------+----------+-------------------------------------------
     0 | D:1      | inc the Felid Enchanter began the quest for the Orb.
     0 | D:1      | Reached XP level 1. HP: 7/7 MP: 4/4
   233 | D:2      | Found a burning altar of Makhleb.
   233 | D:2      | Found a radiant altar of Vehumet.
   240 | D:2      | Became a worshipper of Vehumet
   306 | D:2      | Reached XP level 2. HP: 11/11 MP: 6/6
   354 | D:2      | Found a glowing silver altar of Zin.
   510 | D:1      | Reached XP level 3. HP: 14/14 MP: 7/7
   553 | D:1      | Learned a level 2 spell: Ensorcelled Hibernation
  1029 | D:2      | Found a sacrificial altar of Ru.
  1081 | D:3      | Noticed kalagan's ghost (weakling MfSu)
  1385 | D:3      | Found a glowing golden altar of the Shining One.
  1414 | D:3      | Reached skill level 5 in Hexes
  1414 | D:3      | Reached skill level 1 in Ice Magic
  1414 | D:3      | Reached XP level 4. HP: 18/18 MP: 1/8
  1460 | D:3      | Learned a level 3 spell: Confuse
  2298 | D:2      | Reached XP level 5. HP: 21/21 MP: 9/9
  2734 | D:4      | Found a snail-covered altar of Cheibriados.
  2920 | D:4      | Found a stormy altar of Qazlal.
  3209 | D:3      | Reached * piety under Vehumet
  3209 | D:3      | Offered knowledge of Freeze by Vehumet.
  3415 | D:5      | Entered Level 5 of the Dungeon
  3598 | D:5      | Gained mutation: You are covered in thick fur. (AC +2) [Felid growth]
  3598 | D:5      | Reached XP level 6. HP: 3/24 MP: 6/11
  3880 | D:5      | Noticed an ice beast
  3954 | D:5      | Found an ornate altar of the Wu Jian Council.
  4028 | D:5      | Noticed a sky beast
  4037 | D:5      | Killed a sky beast
  4037 | D:5      | Reached skill level 5 in Stealth
  4152 | D:5      | Noticed an ice beast
  4177 | D:6      | Reached skill level 6 in Stealth
  4188 | D:6      | Noticed an ice beast
  4207 | D:6      | Killed an ice beast
  4207 | D:6      | Reached skill level 7 in Stealth
  4207 | D:6      | Reached XP level 7. HP: 16/27 MP: 6/12
  4265 | D:6      | Noticed a steam dragon
  4509 | D:5      | Shot with an arrow by a centaur
  4510 | D:5      | Reached XP level 6. HP: -7/24 MP: 4/11
  4510 | D:5      | Quit the game

Skill      XL: |  1  2  3  4  5  6 |
---------------+-------------------+-----
Unarmed Combat | 2 3 |  3.4
Hexes          | 5 6 |  6.2
Ice Magic      | 1 2 |  2.5
Spellcasting   | 3 |  3.0
Stealth        | 7 |  7.1
Fighting       | |  0.3
Dodging        | |  2.6

Action                   |  1- 3 |  4- 6 |  7- 9 || total
-------------------------+-------+-------+-------++-------
Melee: Unarmed           |    72 |    87 |     5 ||   164
       Bite              |     6 |     7 |       ||    13
 Cast: Ensorcelled Hiber |    14 |    47 |     7 ||    68
       Corona            |     2 |       |       ||     2
       Confuse           |       |     2 |       ||     2
 Stab: Sleeping          |    20 |    28 |     5 ||    53
       Paralysed         |       |     1 |       ||     1
       Confused          |       |     4 |       ||     4
  Eat: Chunk             |     4 |    14 |       ||    18
Armor: Skin              |     2 |     3 |     1 ||     6
Dodge: Dodged            |    64 |    53 |    10 ||   127
